[Event "ICCopen2017"]
[Site "Internet Chess Club"]
[Date "2017.03.19"]
[Round "5"]
[White "pabrazilian"]
[Black "ALexiz"]
[Result "1-0"]
[ICCResult "Black checkmated"]
[WhiteElo "1426"]
[BlackElo "1673"]
[Opening "Sicilian: Grand Prix attack"]
[ECO "B21"]
[NIC "SI.48"]
[Time "20:00:08"]
[TimeControl "180+0"]

1. e4 c5 2. f4 Nc6 3. Nf3 g6 4. d3 Bg7 5. Nc3 d6 6. Be3 Nd4 7. Qd2 e6 8.
O-O-O Ne7 9. h3 Nec6 10. Kb1 O-O 11. Qf2 b5 12. h4 b4 13. Ne2 Qb6 14. h5 Re8
15. hxg6 hxg6 16. Qh4 f5 17. Ng5 Ne7 18. Qh7+ Kf8 19. Rh6 Bd7 20. Rxg6 Nxg6
21. Qxg6 Re7 22. exf5 Nxf5 23. Bf2 a5 24. g4 Nh6 25. f5 exf5 26. gxf5 d5 27.
Nf4 Bxf5 28. Qxb6 Rae8 29. Nxd5 Re5 30. Bxc5+ Kg8 31. Bg2 Ng4 32. Ne7+ Kh8
33. Rh1+ Nh6 34. Rxh6+ Bxh6 35. Ne4 Bf8 36. Nxf5 Rxf5 37. Bd4+ Kg8 38. Qg6+
Bg7 39. Qxg7# {Black checkmated} 1-0

[Event "ICCopen2017"]
[Site "Internet Chess Club"]
[Date "2017.03.19"]
[Round "5"]
[White "airantrobo"]
[Black "GolfPro"]
[Result "1-0"]
[ICCResult "Black checkmated"]
[WhiteElo "1578"]
[BlackElo "1826"]
[Opening "Queen's pawn game"]
[ECO "D04"]
[NIC "QP.09"]
[Time "20:00:36"]
[TimeControl "180+0"]

1. Nf3 d5 2. d4 Nf6 3. e3 Bg4 4. Bd3 e6 5. Nbd2 Bd6 6. c3 O-O 7. O-O b6 8.
Re1 c5 9. Bc2 Nc6 10. dxc5 bxc5 11. e4 Ne5 12. h3 Nxf3+ 13. Nxf3 Bxf3 14.
Qxf3 dxe4 15. Bxe4 Nxe4 16. Qxe4 Qb6 17. Be3 Qxb2 18. Qg4 Qxc3 19. Rec1 Qe5
20. g3 Rac8 21. Bf4 Qb2 22. Bxd6 Rfd8 23. Bf4 Rd2 24. Bxd2 Qxd2 25. Qf4 Qb2
26. Rcb1 Qc3 27. Kg2 e5 28. Qf3 Qd4 29. Rd1 Qb2 30. Qg4 Rb8 31. Rab1 Qxb1
32. Rxb1 Rxb1 33. Qe4 Rb8 34. Qxe5 Rc8 35. Qe7 h6 36. Qxa7 c4 37. Qa4 c3 38.
Qc2 Kf8 39. a4 Ke7 40. a5 Kd6 41. a6 Kd5 42. Kf3 Kd4 43. Qe4+ Kc5 44. Qf5+
Kb4 45. Qxc8 Kb3 46. a7 c2 47. Qxc2+ Kxc2 48. a8=Q f5 49. Qc6+ Kd3 50. Qd5+
Kc3 51. Qe5+ Kd3 52. Qxf5+ Kd2 53. Qg6 h5 54. Qxh5 g5 55. Qxg5+ Ke1 56. h4
Kf1 57. h5 Kg1 58. h6 Kh2 59. h7 Kg1 60. h8=Q Kf1 61. Qgh4 Ke1 62. Qh1+ Kd2
63. Qd4+ Kc2 64. Qhd1# {Black checkmated} 1-0

[Event "ICCopen2017"]
[Site "Internet Chess Club"]
[Date "2017.03.19"]
[Round "5"]
[White "ladrife"]
[Black "Trinity8"]
[Result "0-1"]
[ICCResult "White forfeits on time"]
[WhiteElo "1482"]
[BlackElo "1424"]
[Opening "Nimzo-Indian: classical variation"]
[ECO "E32"]
[NIC "NI.24"]
[Time "20:00:01"]
[TimeControl "180+0"]

1. d4 Nf6 2. c4 e6 3. Nc3 Bb4 4. Qc2 O-O 5. Nf3 d5 6. e3 c5 7. a3 Bxc3+ 8.
bxc3 dxc4 9. Bxc4 Nc6 10. O-O Qc7 11. Bd3 h6 12. Nd2 e5 13. Ne4 Nxe4 14.
Bxe4 cxd4 15. cxd4 exd4 16. Bxc6 Qxc6 17. Qxc6 bxc6 18. exd4 Be6 19. Be3 Bd5
20. Rfb1 Rab8 21. f3 Rfe8 22. Kf2 Rb6 23. Rxb6 axb6 24. a4 Ra8 25. Bd2 f6
26. Bb4 Kf7 27. Bd6 Bb3 28. Bc7 Ra6 29. a5 bxa5 30. Rxa5 Rxa5 31. Bxa5 Ke6
32. Ke3 Kd5 33. Bb4 g6 34. h4 h5 35. f4 Ke6 36. g3 Kf5 37. Be7 Bd5 38. Bd8
Kg4 39. Bxf6 Kxg3 40. Bg5 Kg4 41. Kd3 Kf3 42. Kc3 Ke3 43. Bh6 Ke4 44. Bg5
Kf5 45. Kb4 Ke4 46. Kc5 Kd3 47. Bh6 Kc3 48. Bg5 Be4 49. Bh6 Bd5 50. Bg5 Kd3
51. Bh6 Ke4 52. Bg5 Kf5 53. Kd6 Kg4 54. Ke5 Kg3 55. f5 gxf5 56. Kxf5 Bf3 57.
Ke5 Kf2 58. Kd6 Ke2 59. Kc5 Kd3 60. Bf6 Bd5 61. Be5 Ke4 62. Bf6 Kf5 63. Bg5
Kg4 64. Kb6 Kf5 65. Kc5 Kg4 66. Kb6 Kf5 67. Kc7 Ke4 68. Kd6 Kxd4 69. Kd7 c5
70. Kc7 Kc4 71. Bf6 Kd3 72. Kd6 c4 73. Ke5 c3 74. Kxd5 c2 75. Bb2 Ke2 76.
Ke4 Kd1 {White forfeits on time} 0-1

[Event "ICCopen2017"]
[Site "Internet Chess Club"]
[Date "2017.03.19"]
[Round "5"]
[White "hamlet"]
[Black "A4-H5"]
[Result "1-0"]
[ICCResult "Black forfeits on time"]
[WhiteElo "1680"]
[BlackElo "1849"]
[Opening "Sicilian defense"]
[ECO "B30"]
[NIC "SI.31"]
[Time "20:00:02"]
[TimeControl "180+0"]

1. e4 c5 2. Nf3 Nc6 3. c3 d6 4. d4 cxd4 5. cxd4 Nf6 6. Nc3 g6 7. Be2 Bg7 8.
O-O O-O 9. h3 d5 10. e5 Ne4 11. Bd3 Nxc3 12. bxc3 e6 13. Bg5 f6 14. exf6
Bxf6 15. Bh6 Bg7 16. Qd2 Bd7 17. Rab1 b6 18. Rfe1 Bxh6 19. Qxh6 Qf6 20. Re2
Qg7 21. Qxg7+ Kxg7 22. Rbe1 Rac8 23. Ng5 Nd8 24. Rc2 h6 25. Nf3 Nf7 26. Nh4
Nh8 27. Nf3 Nf7 28. Nh4 g5 29. Ng6 Rfe8 30. f4 Kf6 31. fxg5+ hxg5 32. Rf1+
Kg7 33. Rcf2 Nh6 34. Ne5 Re7 35. Ng6 Rf7 36. Rxf7+ Nxf7 37. Rc1 b5 38. h4 a6
39. hxg5 Nxg5 40. Nf4 Kf6 41. Kf2 e5 42. Nh5+ Ke6 43. dxe5 Kxe5 44. Re1+ Kd6
45. Nf6 Rxc3 46. Bg6 Rc2+ 47. Kg1 Rxa2 48. Nxd7 Kxd7 49. Re5 d4 50. Rxg5 Kd6
51. Be4 Ra1+ 52. Kh2 Re1 53. Rd5+ Ke6 54. Rxd4 Ke5 55. Rb4 Rxe4 56. Rb2 b4
57. Kh3 a5 58. g4 a4 59. Kh4 a3 60. Rb3 a2 61. Rf3 a1=Q 62. Rf5+ Kd4 63. Rg5
Ke3 64. Kh5 Qh1+ 65. Kg6 {Black forfeits on time} 1-0

[Event "ICCopen2017"]
[Site "Internet Chess Club"]
[Date "2017.03.19"]
[Round "5"]
[White "FiveCardDraw"]
[Black "habishek"]
[Result "1-0"]
[ICCResult "Black checkmated"]
[WhiteElo "1508"]
[BlackElo "1031"]
[Opening "QGD: exchange variation"]
[ECO "D35"]
[NIC "QO.16"]
[Time "20:00:33"]
[TimeControl "180+0"]

1. d4 d5 2. c4 e6 3. Nc3 Nf6 4. cxd5 Bb4 5. dxe6 Bxc3+ 6. bxc3 Bxe6 7. Nf3
Nc6 8. Ba3 Ne7 9. Qd3 O-O 10. e4 Re8 11. Be2 Nc6 12. e5 Nd5 13. Bd1 Nf4 14.
Qd2 Nxg2+ 15. Kf1 Nh4 16. Rg1 Nxf3 17. Bxf3 Bh3+ 18. Ke1 g6 19. Rg3 Bf5 20.
Kf1 Nxe5 21. Qf4 Nd3 22. Qxf5 Qd6 23. Bxd6 cxd6 24. Qxd3 Re7 25. Re1 Rd7 26.
h4 Rdd8 27. h5 g5 28. Rxg5+ Kh8 29. Qf5 Rg8 30. Qf6+ Rg7 31. Qxg7#
{Black checkmated}
1-0

[Event "ICCopen2017"]
[Site "Internet Chess Club"]
[Date "2017.03.19"]
[Round "5"]
[White "arshavin2015"]
[Black "unkavalo"]
[Result "1/2-1/2"]
[ICCResult "Black ran out of time and White has no material to mate"]
[WhiteElo "2016"]
[BlackElo "2496"]
[Opening "Caro-Kann: Tartakower (fantasy) variation"]
[ECO "B12"]
[NIC "CK.02"]
[Time "20:00:20"]
[TimeControl "180+0"]

1. e4 c6 2. d4 d5 3. f3 e6 4. Nc3 Bb4 5. Bd2 Ne7 6. a3 Ba5 7. Nge2 O-O 8. g3
b5 9. Bg2 Bb6 10. Be3 a5 11. O-O Ba6 12. b4 axb4 13. axb4 Nd7 14. Qd2 Re8
15. e5 Nf5 16. Bf2 Bb7 17. g4 Ne7 18. f4 f5 19. h3 Bc7 20. Bh4 Nb6 21. Ng3
Nc4 22. Qd3 Rf8 23. gxf5 exf5 24. Rfe1 g6 25. Kh2 Qe8 26. Bf6 Nc8 27. Rxa8
Bxa8 28. Bf3 Rxf6 29. exf6 Qxe1 30. Nce2 Qxb4 31. Nxf5 gxf5 32. Qxf5 Qf8 33.
Bg4 N4d6 34. Qg5+ Kh8 35. Be6 Ne4 36. Qf5 Qxf6 37. Bxc8 Qxf5 38. Bxf5 b4 39.
Kg2 Bb7 40. Kf3 Ba6 41. Bxe4 dxe4+ 42. Ke3 Bxe2 43. Kxe2 Bxf4 44. d5 cxd5
45. h4 Kg7 46. h5 Kh6 47. Kf2 d4 48. Ke2 Kxh5 49. Kd1 Kg6 50. Ke2 Kf5 51.
Kf2 Ke5 52. Ke2 Kd5 53. Kd1 Kc4 54. Ke2 Kc3 55. Kd1 b3 56. cxb3 Kxb3 57. Ke2
Kc3 58. Kf2 d3 59. Kg2 Kc2 60. Kh3 d2 61. Kg4 d1=Q+ 62. Kxf4 Qd3 63. Ke5 e3
64. Kf6 e2 65. Kg5 {Black ran out of time and White has no material to mate}
1/2-1/2

[Event "ICCopen2017"]
[Site "Internet Chess Club"]
[Date "2017.03.19"]
[Round "5"]
[White "YKQ"]
[Black "VrloJakMK"]
[Result "1-0"]
[ICCResult "Black resigns"]
[WhiteElo "2487"]
[BlackElo "2082"]
[Opening "French: Winawer (Nimzovich) variation"]
[ECO "C15"]
[NIC "FR.08"]
[Time "20:01:03"]
[TimeControl "180+0"]

1. e4 e6 2. d4 d5 3. Nc3 Bb4 4. a3 Bxc3+ 5. bxc3 dxe4 6. Qg4 Nf6 7. Qxg7 Rg8
8. Qh6 Nbd7 9. Ne2 c5 10. g3 Qa5 11. Qd2 b6 12. a4 Ba6 13. Nf4 Bxf1 14. Kxf1
Qa6+ 15. Kg2 Qb7 16. Qe2 e3+ 17. f3 cxd4 18. cxd4 Rc8 19. Bxe3 Nd5 20. Nxd5
Qxd5 21. Rhc1 Rc4 22. c3 Nf6 23. Bf2 Nd7 24. Qe4 h5 25. a5 b5 26. a6 Nf6 27.
Qxd5 Nxd5 28. Rab1 Rxc3 29. Rxc3 Nxc3 30. Rb3 Nd5 31. Rxb5 Nb6 32. d5 exd5
33. Bxb6 axb6 34. Rxb6 Kd7 35. Rb7+ Ke6 36. a7 Ra8 37. Kf2 f5 38. Ke3 Kd6
39. Kd4 Kc6 40. Rf7 Kb6 41. h4 Rg8 42. Kxd5 Ka6 43. Ke5 Kb6 44. Kxf5 Ka6 45.
g4 {Black resigns} 1-0

[Event "ICCopen2017"]
[Site "Internet Chess Club"]
[Date "2017.03.19"]
[Round "5"]
[White "DavidBerczes"]
[Black "zhuzhenghai008"]
[Result "1-0"]
[ICCResult "Black resigns"]
[WhiteElo "2684"]
[BlackElo "1794"]
[Opening "King's Indian: orthodox, Aronin-Taimanov variation (Yugoslav attack / Mar del Plata variation)"]
[ECO "E97"]
[NIC "KI.08"]
[Time "20:00:53"]
[TimeControl "180+0"]

1. d4 Nf6 2. c4 g6 3. Nf3 Bg7 4. Nc3 O-O 5. e4 d6 6. Be2 e5 7. O-O Nc6 8.
Be3 Ng4 9. Bg5 f6 10. Bh4 h5 11. dxe5 dxe5 12. h3 Nh6 13. Qb3 Qe7 14. Nd5
Qf7 15. c5 Kh8 16. Ne3 Qe7 17. Qa3 g5 18. Bg3 Be6 19. b4 a6 20. Bc4 Bxc4 21.
Nxc4 Qf7 22. Ne3 g4 23. hxg4 hxg4 24. Nh4 Nd4 25. Rad1 Qh5 26. Rxd4 exd4 27.
Nef5 Nxf5 28. Nxf5 Rae8 29. Qd3 c6 30. f3 gxf3 31. Rxf3 Bh6 32. Bf2 Be3 33.
Rh3 Qxh3 34. gxh3 Re5 35. Bxe3 dxe3 36. Qxe3 Kg8 37. Qg3+ Kf7 38. Qg7+ Ke8
39. Nd6+ Kd8 40. Qxf8+ Kd7 41. Qc8+ {Black resigns} 1-0

[Event "ICCopen2017"]
[Site "Internet Chess Club"]
[Date "2017.03.19"]
[Round "5"]
[White "Pschaak"]
[Black "kaimann"]
[Result "1-0"]
[ICCResult "Black forfeits on time"]
[WhiteElo "1733"]
[BlackElo "1909"]
[Opening "Old Indian: Tartakower (Wade) variation"]
[ECO "A41"]
[NIC "QO.17"]
[Time "20:00:03"]
[TimeControl "180+0"]

1. d4 d6 2. Nf3 Bg4 3. c3 Nd7 4. Bf4 Ngf6 5. h3 Bh5 6. Nbd2 e6 7. e3 Be7 8.
Be2 O-O 9. O-O d5 10. Ne5 Bxe2 11. Qxe2 c5 12. Nxd7 Qxd7 13. Be5 c4 14. e4
b5 15. exd5 exd5 16. b3 Rfe8 17. a4 a6 18. Qd1 Qc6 19. Re1 Rac8 20. b4 Nd7
21. Bg3 Bf6 22. axb5 axb5 23. Rxe8+ Rxe8 24. Nf3 g6 25. Qd2 Nf8 26. Be5 Bg7
27. Bxg7 Kxg7 28. Ne5 Qb7 29. Qa2 f6 30. Nf3 Ne6 31. Qa7 Re7 32. Qxb7 Rxb7
33. g3 h5 34. Nd2 Ng5 35. h4 Ne6 36. Nf1 Kf7 37. Ne3 Nc7 38. Ra5 Ke7 39. Kg2
Kd6 40. Kf3 Kc6 41. Ke2 Kb6 42. Kd2 Ra7 43. Rxa7 Kxa7 44. g4 Kb6 45. gxh5
gxh5 46. Nf5 Ne6 47. Ne7 Nf4 48. Nf5 Kc6 49. Ng3 Kd6 50. Ke3 Ng2+ 51. Kf3
Nxh4+ 52. Kf4 Ng2+ 53. Kf3 Ne1+ 54. Ke2 Nc2 55. Nf5+ Ke6 56. Ng3 f5 57. Kd2
Na3 58. Ke3 Nb1 59. Kf4 Nxc3 60. Nf1 Na2 61. Nh2 {Black forfeits on time}
1-0

[Event "ICCopen2017"]
[Site "Internet Chess Club"]
[Date "2017.03.19"]
[Round "5"]
[White "allmight"]
[Black "mn8"]
[Result "0-1"]
[ICCResult "White forfeits on time"]
[WhiteElo "1920"]
[BlackElo "1974"]
[Opening "Nimzo-Indian: 4.e3 O-O, 5.Bd3"]
[ECO "E47"]
[NIC "NI.11"]
[Time "20:00:23"]
[TimeControl "180+0"]

1. d4 Nf6 2. c4 e6 3. Nc3 Bb4 4. e3 O-O 5. Bd3 c5 6. Ne2 cxd4 7. exd4 d5 8.
cxd5 Nxd5 9. O-O Nc6 10. Bc2 Re8 11. a3 Bf8 12. Qd3 g6 13. Re1 Bg7 14. Qe4
Nf6 15. Qh4 Nd5 16. Bg5 Bf6 17. Ne4 Bxg5 18. Nxg5 Nf6 19. Rad1 Bd7 20. Rd3
Ne7 21. Rh3 h5 22. Nf4 Nf5 23. Bxf5 exf5 24. Rhe3 Ne4 25. Nfh3 Nxg5 26. Nxg5
Rxe3 27. Rxe3 Qf6 28. Qf4 Re8 29. h4 Rxe3 30. Qxe3 Qd8 31. Kh2 Qc7+ 32. g3
Bc6 33. Qe5 Qxe5 34. dxe5 Kf8 35. f4 Ke7 36. Kg1 Bd5 37. Kf2 Kd7 38. Ke3 Kc6
39. Kd4 b5 40. Nh7 Bc4 41. Nf6 a5 42. Ne8 Be6 43. Nd6 Bd5 44. Nc8 Be6 45.
Ne7+ Kd7 46. Ng8 Kc6 47. Nf6 b4 48. axb4 axb4 49. Ne8 Kb5 50. Nd6+ Ka4 51.
Kc5 Kb3 52. Nb5 Kxb2 53. Kxb4 Kc1 54. Nd4 Ba2 55. Kc5 Kd2 56. Kd6 Ke3 57.
Nc6 Kf3 58. Ke7 Kxg3 59. Nd8 Kxf4 60. e6 fxe6 61. Kf6 e5 62. Kxg6 e4 63.
Kxh5 e3 64. Ne6+ Kf3 65. Nd4+ Kf2 66. Kg5 e2 67. Nxe2 Bb1
{White forfeits on time}
0-1

[Event "ICCopen2017"]
[Site "Internet Chess Club"]
[Date "2017.03.19"]
[Round "5"]
[White "cloak1"]
[Black "Speirs"]
[Result "0-1"]
[ICCResult "White forfeits on time"]
[WhiteElo "1864"]
[BlackElo "1681"]
[Opening "Queen's pawn: London system"]
[ECO "A45"]
[NIC "QP.07"]
[Time "20:00:19"]
[TimeControl "180+0"]

1. d4 Nf6 2. Bf4 c5 3. e3 Qb6 4. Nc3 a6 5. Nge2 Nc6 6. d5 Na7 7. e4 d6 8.
Be3 Ng4 9. Bf4 Nf6 10. h3 g6 11. g3 Bg7 12. Bg2 Nb5 13. O-O O-O 14. Na4 Qd8
15. c4 Nd4 16. Nxd4 cxd4 17. Qxd4 b5 18. cxb5 axb5 19. Nc3 Nh5 20. Qd3 b4
21. Ne2 Bxb2 22. Rab1 Ba6 23. Qc2 Bg7 24. Be3 Qa5 25. Rfe1 Rfc8 26. Qd2 Qa3
27. Bd4 Bxe2 28. Rxe2 Nf6 29. Qxb4 Rc1+ 30. Kh2 Rxb1 31. Qxb1 Ng4+ 32. hxg4
Bxd4 33. Qd1 Bg7 34. Qb3 Qxb3 35. axb3 Rb8 36. Re3 Bd4 37. Rf3 Bc5 38. Kg1
Rb4 39. Rc3 f6 40. Kf1 Kf8 41. f3 Ke8 42. Ke2 Kd7 43. Kd3 Kc7 44. Kc2 Kb6
45. Rc4 Kb5 46. Rxb4+ Kxb4 47. Bf1 Bf2 48. Ba6 Bxg3 49. Bc8 g5 50. Be6 h6
51. Bf5 Kc5 52. Bg6 Bf2 53. Kd3 Be1 54. Ke2 Bb4 55. Kd1 Kd4 56. Kc2 Ke3 57.
Bf5 Kxf3 58. Kd3 Kf4 59. Kc4 Be1 60. Kd3 Bf2 61. Kc4 Bb6 62. b4 h5 63. gxh5
g4 64. h6 Bc5 65. h7 g3 66. h8=Q g2 67. Qh2+ Ke3 68. Qxg2 Bd4 69. Qg3+ Kd2
70. Qg2+ Kc1 {White forfeits on time} 0-1

[Event "ICCopen2017"]
[Site "Internet Chess Club"]
[Date "2017.03.19"]
[Round "5"]
[White "notetengomiedo"]
[Black "fueguino"]
[Result "0-1"]
[ICCResult "White checkmated"]
[WhiteElo "1615"]
[BlackElo "1897"]
[Opening "Sicilian: Najdorf, Byrne (English) attack"]
[ECO "B90"]
[NIC "SI.14"]
[Time "20:00:13"]
[TimeControl "180+0"]

1. e4 c5 2. Nf3 d6 3. d4 cxd4 4. Nxd4 Nf6 5. Nc3 a6 6. Be3 e5 7. Nb3 Be6 8.
f3 Be7 9. Qd2 Nbd7 10. O-O-O h5 11. g3 Rc8 12. h3 Nb6 13. Rg1 Nc4 14. Bxc4
Rxc4 15. g4 b5 16. g5 Nd7 17. h4 b4 18. Nd5 Bxd5 19. Qxd5 Qc7 20. Rg2 g6 21.
Kb1 O-O 22. Na5 Rc5 23. Bxc5 Nxc5 24. Nc4 Ne6 25. b3 Nf4 26. Qd2 Nxg2 27.
Qxg2 Rd8 28. Ne3 Bf8 29. Nd5 Qc5 30. Qe2 a5 31. f4 exf4 32. Nxf4 Bg7 33. Rd5
Qc3 34. Kc1 Qa1+ 35. Kd2 Qxa2 36. Qc4 Bc3+ 37. Kd3 Qb1 38. Qc7 Re8 39. Ne2
Qd1+ 40. Ke3 Qe1 41. Qxd6 Rxe4+ 42. Kxe4 Qxe2+ 43. Kf4 Qxc2 44. Qd8+ Kg7 45.
Qf6+ Bxf6 46. gxf6+ Kxf6 47. Rd6+ Ke7 48. Rd4 Qxb3 49. Re4+ Kf8 50. Kg5 Kg7
51. Re7 a4 52. Kf4 a3 53. Ke5 a2 54. Kd6 a1=Q 55. Kd7 Qd4+ 56. Ke8 Qbc4 57.
Rxf7+ Qxf7# {White checkmated} 0-1

[Event "ICCopen2017"]
[Site "Internet Chess Club"]
[Date "2017.03.19"]
[Round "5"]
[White "sec7"]
[Black "zoujun1966"]
[Result "0-1"]
[ICCResult "White forfeits on time"]
[WhiteElo "1321"]
[BlackElo "1554"]
[Opening "Sicilian"]
[ECO "B56"]
[NIC "SI.25"]
[Time "20:00:17"]
[TimeControl "180+0"]

1. e4 c5 2. Nf3 d6 3. d4 cxd4 4. Nxd4 Nf6 5. Nc3 Nc6 6. Be3 e6 7. Be2 Be7 8.
Qd2 O-O 9. O-O-O a6 10. g4 Ne5 11. g5 Nfg4 12. Bxg4 Nxg4 13. Rdg1 Nxe3 14.
fxe3 Bxg5 15. Qg2 Bxe3+ 16. Kb1 Bxd4 17. Rd1 Be5 18. h4 Bd7 19. h5 Qb6 20.
Rd3 Rac8 21. Rhd1 Rxc3 22. b3 Rcc8 23. Qg5 a5 24. Rg1 Qc5 25. c4 Qe3 26.
Qxe3 a4 27. b4 Rxc4 28. Rc1 Rxb4+ 29. Kc2 Bb5 30. Rcd1 Rb2+ 31. Kc1 Rc8+ 32.
Rc3 Rxc3+ 33. Qxc3 Bxc3 34. Rxd6 h6 35. Rd8+ Kh7 36. Rc8 Be5 37. Rc2 Rxc2+
38. Kxc2 Bc6 39. Kd2 Bxe4 40. Ke2 f5 41. Kf1 f4 42. Ke2 f3+ 43. Kf1 Bg3 44.
a3 Bd3+ 45. Kg1 Be2 {White forfeits on time} 0-1

[Event "ICCopen2017"]
[Site "Internet Chess Club"]
[Date "2017.03.19"]
[Round "5"]
[White "Indiana-Jones"]
[Black "Maxbet"]
[Result "1-0"]
[ICCResult "Black resigns"]
[WhiteElo "2750"]
[BlackElo "2880"]
[Opening "English opening"]
[ECO "E12"]
[NIC "QP.11"]
[Time "20:01:00"]
[TimeControl "180+0"]

1. Nf3 Nf6 2. c4 b6 3. Nc3 Bb7 4. d4 e6 5. a3 d5 6. Bg5 Be7 7. Qa4+ Qd7 8.
Qxd7+ Nbxd7 9. e3 Ne4 10. Bxe7 Kxe7 11. cxd5 exd5 12. Rc1 Rhc8 13. Bb5 Nd6
14. Bxd7 Kxd7 15. O-O f6 16. Rfd1 Ke6 17. Ne1 g5 18. Nd3 a5 19. b3 h6 20.
Rd2 Ba6 21. Nb2 Rab8 22. Nba4 Bb7 23. f3 Bc6 24. Nb2 Be8 25. Kf2 c6 26. e4
dxe4 27. fxe4 Bg6 28. Re1 Ke7 29. Nba4 b5 30. Nc5 b4 31. axb4 Rxb4 32. Ra1
Ra8 33. d5 Nb5 34. Nxb5 Rxb5 35. d6+ Kf7 36. Rc1 Rd8 37. Ke3 Rb4 38. Rc4 Rb5
39. Rd3 h5 40. Na6 Rb6 41. Nc5 h4 42. Kd2 Rb5 43. Kc3 Rb6 44. Rd1 Rdb8 45.
Rf1 Kg7 46. Ne6+ Kf7 47. Nc5 Kg7 48. Rd4 Bf7 49. d7 Rd8 50. Rd6 Rb5 51. Kd4
Rb4+ 52. Kc3 Rb5 53. Rf5 Bg6 54. Ne6+ Kh6 55. Rxb5 {Black resigns} 1-0

[Event "ICCopen2017"]
[Site "Internet Chess Club"]
[Date "2017.03.19"]
[Round "5"]
[White "BillietheKid"]
[Black "ROWLAND"]
[Result "0-1"]
[ICCResult "White forfeits on time"]
[WhiteElo "1368"]
[BlackElo "1467"]
[Opening "Philidor's defense"]
[ECO "C41"]
[NIC "KP.10"]
[Time "20:00:26"]
[TimeControl "180+0"]

1. e4 e5 2. Nf3 d6 3. Bc4 Be7 4. O-O Nf6 5. d3 O-O 6. c3 Nc6 7. Bg5 h6 8.
Bh4 Nh7 9. Bxe7 Qxe7 10. Nbd2 Kh8 11. Re1 Bg4 12. Nf1 Ng5 13. N1d2 Qf6 14.
Re3 Ne7 15. h3 Bh5 16. g4 Nxh3+ 17. Kh2 Bxg4 18. Qh1 Qf4+ 19. Kg2 Bxf3+ 20.
Rxf3 Qxd2 21. Qxh3 f5 22. exf5 Rf6 23. Be6 Raf8 24. Rg1 Kh7 25. Qg4 c6 26.
Kh1 Qg5 27. Qh3 Qd2 28. Qg3 Qg5 29. Qxg5 hxg5 30. Rh3+ Rh6 31. Rxh6+ Kxh6
32. Kg2 Nxf5 33. Bxf5 Rxf5 34. Rh1+ Kg6 35. Kg3 Rf4 36. Rh8 d5 37. Rb8 e4
38. dxe4 dxe4 39. Rxb7 Rf3+ 40. Kg2 Rd3 41. Rc7 Rd2 42. Rxc6+ Kf5 43. Rc5+
Kf4 44. Rb5 Rc2 45. Rb4 Rd2 46. Kf1 Rc2 47. Ke1 Rc1+ 48. Ke2 Rc2+
{White forfeits on time}
0-1

[Event "ICCopen2017"]
[Site "Internet Chess Club"]
[Date "2017.03.19"]
[Round "5"]
[White "Ceejay24"]
[Black "Falstaf"]
[Result "0-1"]
[ICCResult "White forfeits on time"]
[WhiteElo "2230"]
[BlackElo "2963"]
[Opening "King's Indian: Kazakh variation"]
[ECO "E91"]
[NIC "KI.19"]
[Time "20:00:35"]
[TimeControl "180+0"]

1. d4 Nf6 2. c4 g6 3. Nc3 Bg7 4. e4 d6 5. Nf3 O-O 6. Be2 Na6 7. O-O e5 8.
Be3 c6 9. dxe5 dxe5 10. Qxd8 Rxd8 11. Rfd1 Re8 12. h3 Nh5 13. a3 Nf4 14. Bf1
Ne6 15. b4 f5 16. Ng5 Nac7 17. Nxe6 Nxe6 18. f3 Nd4 19. Rac1 Be6 20. Ne2
Rad8 21. Bxd4 exd4 22. Nf4 fxe4 23. Nxe6 Rxe6 24. fxe4 Rxe4 25. Bd3 Re3 26.
Rc2 Rde8 27. Kf2 Be5 28. Re2 Bg3+ 29. Kf1 Rf8+ 30. Kg1 Rxe2 31. Bxe2 Rf2 32.
Rd2 Kg7 33. Rc2 h5 34. Bd3 Rf7 35. Re2 Kf6 36. c5 Rd7 37. Bc4 h4 38. Bd3 b6
39. cxb6 axb6 40. a4 Ra7 41. Ra2 Be1 42. b5 c5 43. Kf1 Bc3 44. Rf2+ Kg5 45.
Ke2 Re7+ 46. Kd1 Re1+ 47. Kc2 Ra1 48. Kb3 Bb4 49. Bc2 Ra3+ 50. Kc4 d3 51.
Bd1 d2 52. Kd5 Ra1 53. Rf1 Ba5 54. Kc6 c4 {White forfeits on time} 0-1

[Event "ICCopen2017"]
[Site "Internet Chess Club"]
[Date "2017.03.19"]
[Round "5"]
[White "mirpele-murpele"]
[Black "GiantHulk"]
[Result "1-0"]
[ICCResult "Black forfeits on time"]
[WhiteElo "2619"]
[BlackElo "2133"]
[Opening "Caro-Kann: anti-anti-Caro-Kann defense"]
[ECO "B10"]
[NIC "CK.01"]
[Time "20:00:38"]
[TimeControl "180+0"]

1. e4 c6 2. c4 d5 3. exd5 cxd5 4. cxd5 Nf6 5. Nc3 Nxd5 6. Nf3 Nxc3 7. bxc3
g6 8. Qa4+ Nc6 9. Ne5 Bd7 10. Nxd7 Qxd7 11. Be2 Bg7 12. O-O O-O 13. Rb1 e5
14. Bf3 Rac8 15. Ba3 Rfd8 16. Rfd1 Nd4 17. Qxd7 Nxf3+ 18. gxf3 Rxd7 19. Kf1
b6 20. Ke2 Bf8 21. Bxf8 Kxf8 22. Rb4 Rc5 23. a4 Kg7 24. h4 h5 25. f4 exf4
26. Rxf4 Re5+ 27. Kf3 Rd3+ 28. Kg2 Red5 29. Rc4 Rxd2 30. Rxd2 Rxd2 31. Rc7
a5 32. Rb7 Rb2 33. Kg3 Rb3 34. f3 Rxc3 35. Rxb6 Rc4 36. Ra6 Rxa4 37. Ra7 Ra1
38. Kf4 a4 39. Kg3 a3 40. Kg2 a2 41. Ra6 f6 42. Kh2 Rf1 43. Ra7+ Kh6 44.
Rxa2 Rxf3 45. Kg2 Rf4 46. Kg3 Rg4+ 47. Kh3 g5 48. hxg5+ Kxg5 49. Ra8 f5 50.
Rg8+ Kf4 51. Ra8 Rg1 52. Kh2 Re1 53. Kg2 h4 54. Kf2 Re4 55. Kg2 Re3 56. Rh8
h3+ 57. Kf2 Rf3+ 58. Kg1 Ra3 59. Kh2 Kg4 60. Rg8+ Kf4 61. Rg7 Rb3 62. Rg8
Rb1 63. Kxh3 Rh1+ 64. Kg2 Rh4 65. Kf2 Rg4 66. Ra8 Kg5 67. Ra5 Rf4+ 68. Kg3
Re4 69. Kf3 Rg4 70. Ra8 Rf4+ 71. Kg3 Rg4+ 72. Kf3 Rf4+ 73. Ke3 Rg4 74. Rg8+
Kh4 75. Rf8 f4+ 76. Kf3 {Black forfeits on time} 1-0

[Event "ICCopen2017"]
[Site "Internet Chess Club"]
[Date "2017.03.19"]
[Round "5"]
[White "blackending"]
[Black "daskapitallesen"]
[Result "0-1"]
[ICCResult "White resigns"]
[WhiteElo "1564"]
[BlackElo "1847"]
[Opening "French: Tarrasch, Guimard variation"]
[ECO "C04"]
[NIC "FR.15"]
[Time "20:00:56"]
[TimeControl "180+0"]

1. e4 e6 2. d4 d5 3. Nd2 Nc6 4. c3 e5 5. exd5 Qxd5 6. dxe5 Nxe5 7. Ngf3 Nd3+
8. Bxd3 Qxd3 9. Qe2+ Qxe2+ 10. Kxe2 Bg4 11. Re1 O-O-O 12. h3 Bh5 13. Kf1 Bg6
14. Nb3 Bd6 15. Be3 Nf6 16. Rad1 Rhe8 17. Nbd4 a6 18. Bg5 Rxe1+ 19. Kxe1
Re8+ 20. Kf1 Ne4 21. Be3 Nc5 22. Nh4 Bd3+ 23. Kg1 Bc4 24. b3 Bd5 25. Ndf5
Rd8 26. Rxd5 Bh2+ 27. Kxh2 Rxd5 28. Nd4 g6 29. Nhf3 h5 30. Ng5 Rd7 31. Ndf3
Nd3 32. Ne4 b6 33. Bd4 Re7 34. Ng3 Nc1 35. Bf6 Rd7 36. Ne5 Rd2 37. Nxf7 Rxa2
38. Bd4 Nxb3 39. Be5 Rxf2 40. Ne4 Rxf7 41. Ng5 Rf5 {White resigns} 0-1

[Event "ICCopen2017"]
[Site "Internet Chess Club"]
[Date "2017.03.19"]
[Round "5"]
[White "WAHEHE"]
[Black "okiemark"]
[Result "1-0"]
[ICCResult "Black forfeits on time"]
[WhiteElo "1718"]
[BlackElo "1903"]
[Opening "Sicilian"]
[ECO "B50"]
[NIC "SI.01"]
[Time "20:00:31"]
[TimeControl "180+0"]

1. e4 c5 2. Nf3 d6 3. g3 Nc6 4. Bg2 g6 5. O-O Bg7 6. d3 Bd7 7. c3 Qc8 8. Re1
Bh3 9. Bh1 h6 10. Nbd2 Nf6 11. a4 O-O 12. Nc4 Ne8 13. e5 d5 14. Ne3 Nc7 15.
d4 cxd4 16. cxd4 f6 17. exf6 Bxf6 18. a5 Qd7 19. Ra4 Rac8 20. Bd2 e6 21. Bc3
Nb5 22. Qd3 Bf5 23. Qxb5 Be4 24. Nd2 Bxh1 25. Kxh1 g5 26. Nb3 Qh7 27. Kg1 a6
28. Qe2 Rce8 29. Nc5 Qg7 30. Qd2 g4 31. Qe2 h5 32. h3 gxh3 33. Qxh5 Nxd4 34.
Bxd4 Bxd4 35. Nb3 Be5 36. Rg4 Re7 37. Rxg7+ Rxg7 38. Qxh3 Rf6 39. Ng4 Rxg4
40. Qxg4+ Kf7 41. Rxe5 Ke7 42. Qg5 Kf7 43. Nd4 Rg6 44. Qxg6+ Kxg6 45. Rxe6+
Kf7 46. Rd6 {Black forfeits on time} 1-0